 Dungeon Crawl Stone Soup version 0.21.0 (webtiles) character file.

388 Jinx the Grave Robber (level 6, -7/48 HPs)
             Began as a Mummy Necromancer on May 16, 2018.
             Killed by divine providence
             ... invoked by an orc priest
              (14 damage)
             ... on level 5 of the Dungeon.
             The game lasted 00:09:33 (5207 turns).

Jinx the Grave Robber (Mummy Necromancer)           Turns: 5207, Time: 00:09:34

Health: -7/48      AC:  2    Str: 12    XL:     6   Next: 49%
Magic:  2/10       EV: 12    Int: 16    God:
Gold:   166        SH:  0    Dex: 12    Spells: 2/10 levels left

rFire    x . .     SeeInvis .   p - +0 morningstar
rCold    + . .     Gourm    .   (no shield)
rNeg     + + +     Faith    .   a - +0 robe
rPois    ∞         Spirit   .   (no helmet)
rElec    .         Reflect  .   (no cloak)
rCorr    .         Harm     .   (no gloves)
MR       .....                  (no boots)
Stlth    ++........             (no amulet)
HPRegen  0.16/turn              g - ring of poison resistance
MPRegen  0.12/turn              (no ring)

@: no status effects
A: no food or potions, fire vulnerability, cold resistance 1, negative energy
resistance 3, torment resistance, unbreathing
a: no special abilities


You were on level 5 of the Dungeon.
You were not hungry.

You visited 1 branch of the dungeon, and saw 5 of its levels.

You collected 166 gold pieces.

Inventory:

Hand Weapons
 c - a +0 club
 k - a +0 flail
 l - a -2 whip
 p - a +0 morningstar (weapon)
Missiles
 e - 2 javelins (quivered)
Armour
 a - a +0 robe (worn)
 q - a +0 shield
Jewellery
 g - a ring of poison resistance (left hand)
 j - an uncursed amulet of guardian spirit {unknown}
Scrolls
 d - 4 scrolls of remove curse
 f - a scroll of teleportation
 h - a scroll of noise {unknown}
 i - 4 scrolls of identify {unknown}
 m - 2 scrolls of fear {unknown}
 n - a scroll of fog {unknown}
 o - a scroll of magic mapping {unknown}
Books
 b - a book of Necromancy

   Spells                             Type                      Level
   a - Pain                           Necromancy                   1
   b - Animate Skeleton               Necromancy                   1
   c - Vampiric Draining              Necromancy                   3
   d - Regeneration                   Charms/Necromancy            3
   e - Animate Dead                   Necromancy                   4
   f - Borgnjor's Vile Clutch         Necromancy/Earth             5


   Skills:
 + Level 3.7 Fighting
 + Level 2.9 Maces & Flails
 - Level 1.5 Dodging
 - Level 1.5 Stealth
 - Level 2.6 Spellcasting
 + Level 5.5 Necromancy


You had 2 spell levels left.
You knew the following spells:

 Your Spells              Type           Power        Failure   Level  Hunger
a - Pain                  Necr           ###.         1%          1    N/A
b - Vampiric Draining     Necr           ###.......   6%          3    N/A
c - Animate Dead          Necr           N/A          19%         4    N/A

Dungeon Overview and Level Annotations

Branches:
Dungeon (5/15)
 Temple: D:4-7

Altars:
Ashenzari

Annotations:
D:3 Capnfrog's ghost, amateur MfTm; Purgy; Sigmund
D:5 dipablo's ghost, novice MiFi


Innate Abilities, Weirdness & Mutations

You do not eat or drink.
Your flesh is vulnerable to fire.
You are immune to poison.
Your flesh is cold resistant. (rC+)
You are immune to negative energy. (rN+++)
You are immune to unholy pain and torment.
You can survive without breathing.


Message History

Aim: an orc, wielding a club (lightly wounded, chance to defeat MR: 90%)
The orc writhes in agony!
The orc priest hits you from afar with a trident.
The orc hits you but does no damage.
Casting: Pain
Confirm with . or Enter, or press ? or * to list all spells.
Aiming: Pain
Press: ? - help, Shift-Dir - straight line, f/p - orc
Aim: an orc, wielding a club (almost dead, chance to defeat MR: 90%)
The orc writhes in agony!
You kill the orc!
The orc priest barely misses you.
The orc priest calls down the wrath of Beogh upon you.
Beogh smites you!
The orc priest invokes the aid of Beogh against you.
Beogh smites you!
* * * LOW HITPOINT WARNING * * *
The orc priest mumbles some strange prayers to Beogh against you.
Beogh smites you!
You die...

#############
#...........#
#...........# ###
#...........# ...#
#.#.......####....#
########..>......'oW'....#
#........#.......####....#
#.########.......# ...#
#............@...# ..#
##########.......# ..#
###..<.............# ..
#.....#####........# W
#.....# #...######
#.....#####.........
#.............######
#.............#
#.............#


You could see an orc priest.

Vanquished Creatures
  A phantom (D:4)
  A hound (D:4)
  3 orc priests
  3 orc wizards
  A hound skeleton (D:4)
  2 adders
  2 worms
  4 leopard geckos
  7 orcs
  8 bats
  3 giant cockroaches
  10 goblins
  4 hobgoblins
  3 kobolds (D:3)
  2 frilled lizards (D:1)
  A leopard gecko skeleton (D:5)
  2 rats
57 creatures vanquished.

Notes
Turn   | Place    | Note
-------+----------+-------------------------------------------
     0 | D:1      | Jinx the Mummy Necromancer began the quest for the Orb.
     0 | D:1      | Reached XP level 1. HP: 13/13 MP: 4/4
   196 | D:1      | Reached skill level 1 in Fighting
   196 | D:1      | Reached XP level 2. HP: 16/21 MP: 0/5
  1189 | D:2      | Reached skill level 1 in Maces & Flails
  1189 | D:2      | Reached XP level 3. HP: 26/26 MP: 1/7
  1250 | D:2      | Learned a level 3 spell: Vampiric Draining
  1637 | D:3      | Noticed Sigmund
  1698 | D:3      | HP: 1/27 [something (1)]
  2132 | D:3      | Found a shattered altar of Ashenzari.
  2425 | D:3      | Reached XP level 4. HP: 12/33 MP: 1/8
  2701 | D:3      | Learned a level 4 spell: Animate Dead
  3002 | D:3      | Noticed Capnfrog's ghost (amateur MfTm)
  3249 | D:4      | Reached XP level 5. HP: 38/39 MP: 9/9
  3354 | D:4      | Reached skill level 5 in Necromancy
  3507 | D:3      | Noticed Purgy
  4451 | D:4      | Reached XP level 6. HP: 47/47 MP: 4/10
  4707 | D:5      | Entered Level 5 of the Dungeon
  5197 | D:5      | Noticed dipablo's ghost (novice MiFi)
  5207 | D:5      | Killed from afar by an orc priest

Skill      XL: |  1  2  3  4  5 |
---------------+----------------+-----
Fighting       | 1 2 3 |  3.7
Maces & Flails | 1 2 |  2.9
Necromancy     | 5 |  5.5
Dodging        | |  1.5
Stealth        | |  1.5
Spellcasting   | |  2.6

Action                   |  1- 3 |  4- 6 || total
-------------------------+-------+-------++-------
Melee: Club              |    69 |     4 ||    73
       Whip              |       |    11 ||    11
       Flail             |       |     5 ||     5
       Morningstar       |       |    24 ||    24
 Cast: Pain              |    46 |    56 ||   102
       Vampiric Draining |     1 |     3 ||     4
  Use: Scroll            |       |     3 ||     3
 Stab: Sleeping          |     5 |       ||     5
Armor: Robe              |    19 |     7 ||    26
Dodge: Dodged            |    57 |    48 ||   105
